[Event "SWE-ch -50 2018"]
[Site "Ronneby"]
[Date "2018.07.05"]
[Round "6"]
[White "Andersson, Kjell-Ake"]
[Black "Winfridsson, Hakan"]
[Result "1-0"]
[ECO "A12"]
[WhiteElo "1912"]
[BlackElo "2007"]
[Annotator "NA"]
[PlyCount "63"]
[EventDate "2018.06.30"]
[EventType "tourn"]
[EventCountry "SWE"]
[SourceTitle "playchess.com"]
[Source "ChessBase"]
[SourceQuality "1"]
[TimeControl "40/5400+30:1800+30"]

1. Nf3 Nf6 2. c4 c6 3. b3 d5 4. Bb2 Bf5 5. d3 e6 6. g3 Be7 7. Bg2 O-O 8. Nbd2 Nbd7 9. O-O h6 10. a3 {[%emt 0:02:29] LiveBook: 219 Games} a5 11. Bc3 Qb6 {[%emt 0:03:34] A12: Reti-Eröffnung (New-Yorker-System)} (11... Bh7 12. b4 axb4 13. axb4 dxc4 14. dxc4 Qc7 15. Qb3 Ne4 16. Nxe4 Bxe4 17. Bh3 Bf6 18. Nd2 Bg6 19. c5 b6 20. Bxf6 Nxf6 21. Nc4 bxc5 22. bxc5 {1-0 (44) Romanov,E (2577)-Mammadov,Z (2500) Golden Sands 2015}) 12. b4 axb4 13. axb4 dxc4 $146 ({Vorgänger:} 13... Rfd8 14. Qb3 dxc4 15. Nxc4 Qc7 16. Nd4 Bg6 17. Na5 Nd5 18. Bxd5 exd5 19. Rfb1 {0-1 (42) Nadirjanova,N (2150)-Abdusattorova,B (2234) Tashkent 2015}) 14. Nxc4 Qc7 15. Qb3 Rfc8 16. Qb2 Ne8 17. Nfe5 Bf6 $2 (17... Nxe5 $16 {is a better defense.} 18. Bxe5 Bf6) 18. Nxd7 Bxc3 19. Qxc3 Qxd7 20. Rxa8 Rxa8 21. Nb6 Qd8 22. Nxa8 Qxa8 23. Ra1 Qb8 $18 24. Qc5 Nd6 25. e4 Bg6 26. Qe5 Qd8 27. Qd4 Qc7 28. Ra8+ Kh7 29. Bf1 Nc8 30. Qc5 Nd6 31. e5 Nb5 32. d4 1-0

[Event "SWE-ch -50 2018"]
[Site "Ronneby"]
[Date "2018.07.06"]
[Round "7"]
[White "Cramling, Dan"]
[Black "Nilsson, Patrik"]
[Result "1-0"]
[ECO "E92"]
[WhiteElo "2355"]
[BlackElo "2229"]
[Annotator "NA"]
[PlyCount "75"]
[EventDate "2018.06.30"]
[EventType "tourn"]
[EventCountry "SWE"]
[SourceTitle "playchess.com"]
[Source "ChessBase"]
[SourceQuality "1"]
[TimeControl "40/5400+30:1800+30"]

1. d4 Nf6 2. c4 g6 3. Nc3 Bg7 4. e4 d6 5. Nf3 O-O 6. Be2 e5 7. d5 a5 8. Be3 Ng4 9. Bg5 f6 10. Bh4 Na6 11. Nd2 Nh6 {[%emt 0:00:35] LiveBook: 24 Games} 12. a3 {[%emt 0:02:07] E92: King's Indian: Classical: 6 Be2 e5: 7 dxe5, 7 Be3 and Petrosian System without 7...Nbd7} Qe8 13. b4 $146 ({Predecessor:} 13. O-O Bd7 14. b3 f5 15. Rb1 Nc5 16. f3 Nf7 17. b4 axb4 18. axb4 Na4 19. Qc2 Bh6 {1-0 (47) Khegay,D (2482)-Obolentseva,A (2283) Voronezh 2017}) 13... f5 14. f3 Bd7 15. Rb1 Bf6 16. Bf2 axb4 17. axb4 Qe7 {[%emt 0:02:48] [#]} 18. c5 $1 fxe4 19. Ndxe4 ({Resist} 19. Ncxe4 $6 Bf5 $16) 19... Nf5 {[%emt 0:03:54] [#]} 20. c6 $1 bxc6 21. dxc6 Be6 22. Nd5 Bxd5 23. Qxd5+ Kg7 24. b5 Nc5 25. Nxc5 dxc5 26. Bxc5 Rfd8 27. Qc4 Qe8 28. Bd3 $2 (28. O-O $18) 28... e4 $2 (28... Rd4 $1 $15 {behält die Oberhand.} 29. Qc2 (29. Bxd4 exd4+ 30. Kf2 Qe3+ 31. Kf1 Qd2 $19) 29... Ne3) 29. Bxe4 ({But not} 29. fxe4 $6 Qe5 $11) 29... Nd6 30. Qc2 Qe6 31. O-O Ra2 {[%emt 0:06:05] [#]} 32. Qd3 $1 Nc4 33. Qb3 Rdd2 $18 34. Rf2 Rxf2 35. Bxf2 Ra3 36. Qc2 Bc3 37. Rd1 Nd6 38. Bc5 1-0

[Event "SWE-ch -50 2018"]
[Site "Ronneby"]
[Date "2018.07.06"]
[Round "7"]
[White "Gamback, Bjorn"]
[Black "Andersson, Erik"]
[Result "1-0"]
[ECO "A30"]
[WhiteElo "2108"]
[BlackElo "1656"]
[Annotator "NA"]
[PlyCount "141"]
[EventDate "2018.06.30"]
[EventType "tourn"]
[EventCountry "SWE"]
[SourceTitle "playchess.com"]
[Source "ChessBase"]
[SourceQuality "1"]
[TimeControl "40/5400+30:1800+30"]

1. c4 c5 2. Nf3 Nf6 3. e3 e6 4. b3 b6 5. Bb2 Bb7 6. d3 {[%emt 0:00:26] A30: Symmetrical English: Double Fianchetto and Hedgehog} (6. Be2 Be7 7. d4 cxd4 8. Nxd4 O-O 9. O-O d6 10. Bf3 Qc8 11. Nc3 Nbd7 12. Qe2 a6 13. Rad1 Rd8 14. Bxb7 Qxb7 15. e4 Rac8 16. f4 Nc5 17. Rfe1 {½-½ (52) Grischuk,A (2772)-Yu,Y (2751) Huaian 2017}) 6... Be7 7. Nbd2 O-O 8. Be2 {[%emt 0:00:21] LiveBook: 4 Games} Nc6 9. a3 d5 10. cxd5 Nxd5 11. Qc2 Bf6 12. Bxf6 $146 ({Predecessor:} 12. O-O Bxb2 13. Qxb2 Qf6 14. Qxf6 Nxf6 15. Nc4 Rfd8 16. Rfc1 Ne8 17. Rab1 Nd6 18. b4 Nxc4 19. dxc4 cxb4 20. axb4 {½-½ (40) Antoniewski,R (2491)-Vyskocil,N (2387) Moravia 2003}) 12... Nxf6 13. O-O Rc8 14. Rac1 Qe7 15. Qb1 Rfd8 16. Rfd1 Rd7 17. Bf1 Re8 18. Qa1 h6 19. Rc2 Rc7 20. Rdc1 Rcc8 21. Nc4 Nd7 22. d4 Red8 23. Rd2 cxd4 24. exd4 $15 Nf6 25. b4 b5 26. Ne3 a6 27. Qb2 Nb8 28. Ne5 Nbd7 29. Rdc2 Qd6 30. Rxc8 Rxc8 31. Rxc8+ Bxc8 32. Nd3 Bb7 33. Nc5 Bd5 34. Qc2 Nb8 35. Qc3 Kf8 36. h3 Nfd7 37. Qd3 Nf6 38. Qc2 Ba8 39. Nb3 Qc6 40. Qc5+ Ke8 41. Qa7 Qb7 42. Qc5 Qc6 43. Na5 Qxc5 44. dxc5 Ng8 45. f3 Ne7 46. Kf2 Kd7 47. Bd3 Nd5 48. Nxd5 Bxd5 49. Ke3 Kc7 50. Be4 Bxe4 51. Kxe4 Nd7 52. Nb3 Nf6+ 53. Kd4 Nh5 54. Ke3 Nf6 55. h4 Nd5+ 56. Kd4 Nf6 57. Nc1 Kc6 58. Nd3 Kd7 59. Ne5+ Ke7 60. Nc6+ Kd7 61. Ne5+ Ke7 62. Nd3 Nd5 63. g3 f6 64. Nf2 Nc7 65. f4 Ne8 66. Ne4 Kd7 67. Nc3 Nc7 68. a4 Kc6 69. a5 Nd5 70. Nxd5 exd5 71. h5 1-0

[Event "SWE-ch -50 2018"]
[Site "Ronneby"]
[Date "2018.07.06"]
[Round "7"]
[White "Winfridsson, Hakan"]
[Black "Gemzell, Ted"]
[Result "1/2-1/2"]
[ECO "B33"]
[WhiteElo "2007"]
[BlackElo "1990"]
[Annotator "NA"]
[PlyCount "68"]
[EventDate "2018.06.30"]
[EventType "tourn"]
[EventCountry "SWE"]
[SourceTitle "playchess.com"]
[Source "ChessBase"]
[SourceQuality "1"]
[TimeControl "40/5400+30:1800+30"]

1. e4 c5 2. Nf3 Nc6 3. d4 cxd4 4. Nxd4 Nf6 5. Nc3 g6 6. Nxc6 dxc6 {[%emt 0:00:10] B34: Sizilianisch (Beschleunigtes Fianchetto)} 7. Qxd8+ Kxd8 8. Bg5 (8. Bc4 Ke8 9. Bf4 Nd7 10. e5 Bg7 11. e6 fxe6 12. Bxe6 Rf8 13. Bd2 Nc5 14. Bxc8 Rxc8 15. f3 Rd8 16. O-O-O Bxc3 17. Bxc3 Rxd1+ 18. Rxd1 {½-½ (46) Leko,P (2708)-Ivanchuk,V (2720) Reykjavik 2015}) 8... h6 9. O-O-O+ Ke8 10. Bh4 Be6 $146 ({Vorgänger:} 10... Bg7 11. Bd3 Be6 12. Rhe1 Nh5 13. Ne2 Be5 14. Bg3 Nxg3 15. hxg3 {½-½ (30) Lane,G (2421)-Safarian,A (2058) Penrith 2003}) 11. f3 Nd7 12. Bf2 Bg7 13. Be2 Kd8 14. Rd2 Kc7 15. Rhd1 Be5 16. g3 Rhd8 17. f4 Bxc3 18. bxc3 Nb6 19. Rxd8 Rxd8 20. Rxd8 Kxd8 21. a3 h5 22. Bc5 Na4 23. Bd4 $15 c5 24. Bb5 cxd4 25. Bxa4 dxc3 26. Bb3 Kd7 27. Kd1 Bg4+ 28. Ke1 Bf3 29. e5 e6 30. Kf2 Bd5 31. Ba4+ Bc6 32. Bb3 Bd5 33. Ba4+ Bc6 34. Bb3 Bd5 1/2-1/2

[Event "SWE-ch -50 2018"]
[Site "Ronneby"]
[Date "2018.07.06"]
[Round "7"]
[White "Andersson, Kjell-Ake"]
[Black "Rothen, Hakan"]
[Result "1/2-1/2"]
[ECO "A06"]
[WhiteElo "1912"]
[BlackElo "2291"]
[Annotator "NA"]
[PlyCount "206"]
[EventDate "2018.06.30"]
[EventType "tourn"]
[EventCountry "SWE"]
[SourceTitle "playchess.com"]
[Source "ChessBase"]
[SourceQuality "1"]
[TimeControl "40/5400+30:1800+30"]

1. Nf3 d5 2. d4 Bf5 3. c4 e6 4. Nc3 c6 5. cxd5 exd5 6. Bf4 Nf6 7. e3 {[%emt 0:00:43] LiveBook: 92 Partien} Qb6 8. a3 $146 {[%emt 0:06:00] D35: Queen's Gambit Declined: Exchange Variation} ({White should try} 8. Bd3 $14 Bxd3 9. Qxd3) ({Predecessor:} 8. Qc1 Nbd7 9. Be2 Nh5 10. Be5 Nxe5 11. dxe5 g6 12. Nd4 Ng7 13. O-O Be7 14. a3 O-O 15. b4 a6 16. Ra2 Rae8 {1-0 (45) Horvath,J (2508)-Pap,G (2541) Aschach 2014}) 8... Qxb2 9. Na4 Qc2 10. Qxc2 Bxc2 11. Nc3 Nbd7 12. Kd2 Bf5 13. Nh4 Ne4+ ({Black should play} 13... Be6 $17 14. Bd3 Be7) 14. Nxe4 Bxe4 15. f3 Bg6 16. Nxg6 hxg6 17. Bd3 O-O-O 18. Rhc1 Nb8 19. Bxb8 Kxb8 20. h3 Bd6 21. Rc3 {[%emt 0:00:45] [#]} c5 $1 22. Rb1 c4 23. Be2 Bc7 24. Rc2 Ba5+ 25. Kd1 Rhe8 {[%emt 0:00:16] [#]} 26. e4 $1 dxe4 27. Rxc4 Bb6 28. fxe4 Rxe4 29. Bf3 Rexd4+ 30. Rxd4 Rxd4+ 31. Kc2 Kc7 32. Rd1 Rxd1 33. Bxd1 Bf2 34. a4 Kd6 35. Kb3 Kc5 36. Bf3 b6 37. Bb7 Be1 38. Bf3 g5 39. Be4 Kd4 40. Bf3 Bd2 41. Bc6 Ke5 42. Bf3 Kf4 43. Kc4 Ke3 44. Bd5 f6 45. Bc6 Be1 46. Bd5 Kd2 47. Kb3 Bg3 48. Bc6 Bd6 49. Bd5 Kd3 50. Bc6 Be7 51. Bd5 Bc5 52. Bc6 Bg1 53. Bd5 Ke3 54. Bf3 Kf4 55. Kc4 Bf2 56. Kb5 Ke5 57. a5 bxa5 58. Kxa5 Kd4 59. Kb5 Kc3 60. Ka4 Be1 61. Bg4 Kc4 62. Be2+ Kc5 63. Bg4 Bd2 64. Bf3 Kd6 65. Kb5 Ke5 66. Ka4 Kf4 67. Kb5 Be3 68. Ka4 Kg3 69. Kb5 Bd4 70. Ka6 Kf2 71. Kb5 Ke3 72. Ka6 Bc5 73. Kb5 Kd4 74. Bg4 Bb6 75. Bf3 Ke5 76. Bg4 Kd5 77. Bf3+ Ke5 78. Bg4 Kf4 $17 79. Bf3 Kg3 80. Ka6 Kf2 81. Kb5 Ke1 82. Bg4 Kd2 83. Ka4 Kc3 84. Bf3 Bc7 85. Bg4 Bd6 86. Bf3 Bb4 87. Bg4 a6 88. Bf3 a5 89. Bg4 Kb2 90. Bf5 Kc1 91. Kb3 Kd2 92. Bg4 Ke3 93. Bf3 Kf4 94. Ka4 Be1 95. Kb3 Kg3 96. Ka4 f5 97. Kb3 Kf4 98. Ka4 Bb4 99. Kb3 Ke5 100. Bb7 Kd4 101. Bc6 Kc5 102. Bd7 g6 103. Be8 f4 1/2-1/2

[Event "SWE-ch -50 2018"]
[Site "Ronneby"]
[Date "2018.07.07"]
[Round "8"]
[White "Cramling, Dan"]
[Black "Andersson, Kjell-Ake"]
[Result "1-0"]
[ECO "E42"]
[WhiteElo "2355"]
[BlackElo "1912"]
[Annotator "NA"]
[PlyCount "87"]
[EventDate "2018.06.30"]
[EventType "tourn"]
[EventCountry "SWE"]
[SourceTitle "playchess.com"]
[Source "ChessBase"]
[SourceQuality "1"]
[TimeControl "40/5400+30:1800+30"]

1. d4 Nf6 2. c4 e6 3. Nc3 Bb4 4. e3 c5 5. Nge2 cxd4 6. exd4 d5 7. a3 Be7 8. Nf4 dxc4 9. Bxc4 O-O 10. O-O Nbd7 11. Re1 Nb6 12. Bb3 Re8 13. Qd3 Nbd7 14. Be3 Bf8 15. Rad1 b6 16. d5 e5 17. Ne6 fxe6 18. dxe6 $18 Kh8 19. Bg5 Qc7 20. exd7 Qxd7 21. Qc4 Qg4 22. Bxf6 gxf6 23. Qc6 Be6 24. Re4 Qg8 25. Bxe6 Qxe6 26. Qb7 Qc8 27. Qf7 Qe6 28. Rd7 Re7 29. Qxe6 Rxe6 30. Rc4 Re7 31. Rxe7 Bxe7 32. Rc7 Bd8 33. Rd7 a6 34. g4 b5 35. Kg2 Kg8 36. Kf3 Bb6 37. Nd5 Bd8 38. Ke4 Rb8 39. Kf5 Rc8 40. h4 Rb8 41. h5 Rc8 42. h6 Rb8 43. Rg7+ Kh8 44. Ke6 1-0

[Event "SWE-ch -50 2018"]
[Site "Ronneby"]
[Date "2018.07.07"]
[Round "8"]
[White "Rothen, Hakan"]
[Black "Wedin, Svante"]
[Result "1-0"]
[ECO "D70"]
[WhiteElo "2291"]
[BlackElo "1992"]
[Annotator "NA"]
[PlyCount "99"]
[EventDate "2018.06.30"]
[EventType "tourn"]
[EventCountry "SWE"]
[SourceTitle "playchess.com"]
[Source "ChessBase"]
[SourceQuality "1"]
[TimeControl "40/5400+30:1800+30"]

1. d4 {[%emt 0:00:00] Winslow,Elliott C} d5 2. c4 c6 3. Nf3 Nf6 4. Nbd2 g6 {[%emt 0:05:47] D11: Slav Defence: 3 Nf3 sidelines and 3...Nf6 4 e3 Bg4} (4... Bf5 5. Nh4 Be6 6. e3 g6 7. b3 Bg7 8. Bb2 O-O 9. Be2 Ne4 10. O-O c5 11. Nxe4 dxe4 12. Qc2 f5 {0-1 (54) Svane,R (2595)-Van Foreest,J (2609) Germany 2017}) 5. b3 Bg7 6. Bb2 O-O 7. e3 Nbd7 8. Be2 Qa5 9. O-O Ne4 10. Nxe4 dxe4 11. Nd2 f5 12. c5 $146 ({Predecessor:} 12. a3 c5 13. b4 Qc7 14. Nb3 b6 15. Qc2 e5 16. d5 {½-½ (40) Khristoforov,S (1977)-Traub,I (2073) San Francisco 2015 EXT 2016 [Winslow,Elliott C]}) 12... Qc7 13. b4 Nf6 14. Bc4+ Kh8 15. f4 (15. Qb3 $14) 15... exf3 16. Nxf3 Nd5 17. Bxd5 cxd5 18. Qb3 e6 19. b5 Bd7 20. a4 Qd8 21. Rac1 Qe8 22. Rc2 a6 23. Ba3 Rg8 $2 {[%emt 0:07:40] [#]} (23... axb5 $11 24. c6 Bxc6 25. Bxf8 Bxf8 26. axb5 Bxb5) 24. c6 $18 bxc6 25. bxa6 Rxa6 26. Bc5 Qa8 27. Ra2 Rb8 28. Qc2 Bc8 29. Rfa1 Ra5 30. Bd6 Rb7 31. Ne1 c5 32. Bxc5 Rc7 33. Rb1 Bf8 34. Nd3 Ba6 35. Rab2 Rc8 36. Rb6 Bxd3 37. Qxd3 Bxc5 38. dxc5 Raxc5 39. Qd4+ Kg8 40. Qe5 R5c6 41. Rb7 Rc1+ 42. Kf2 R8c2+ 43. Kf3 Rf1+ 44. Kg3 f4+ 45. exf4 Qf8 46. Qxe6+ Kh8 47. Qe5+ Kg8 48. Qxd5+ Kh8 49. Qe5+ Kg8 50. Rxf1 1-0

[Event "SWE-ch -50 2018"]
[Site "Ronneby"]
[Date "2018.07.07"]
[Round "8"]
[White "Nilsson, Patrik"]
[Black "Gamback, Bjorn"]
[Result "1/2-1/2"]
[ECO "B42"]
[WhiteElo "2229"]
[BlackElo "2108"]
[Annotator "NA"]
[PlyCount "27"]
[EventDate "2018.06.30"]
[EventType "tourn"]
[EventCountry "SWE"]
[SourceTitle "playchess.com"]
[Source "ChessBase"]
[SourceQuality "1"]
[TimeControl "40/5400+30:1800+30"]

1. e4 c5 2. Nf3 e6 3. d4 cxd4 4. Nxd4 a6 5. Bd3 Bc5 6. Nb3 Be7 7. O-O Qc7 8. Qe2 d6 9. c4 Nd7 10. Nc3 b6 11. f4 Bb7 12. Bd2 Ngf6 13. Rae1 e5 14. Qd1 1/2-1/2

[Event "SWE-ch -50 2018"]
[Site "Ronneby"]
[Date "2018.07.07"]
[Round "8"]
[White "Moborn, Anders"]
[Black "Gemzell, Ted"]
[Result "1/2-1/2"]
[ECO "A48"]
[WhiteElo "2045"]
[BlackElo "1990"]
[Annotator "NA"]
[PlyCount "57"]
[EventDate "2018.06.30"]
[EventType "tourn"]
[EventCountry "SWE"]
[SourceTitle "playchess.com"]
[Source "ChessBase"]
[SourceQuality "1"]
[TimeControl "40/5400+30:1800+30"]

1. d4 Nf6 2. Nf3 g6 3. c4 c5 4. d5 b5 5. cxb5 a6 6. bxa6 Bxa6 7. Nc3 d6 8. e4 Bxf1 9. Kxf1 Nbd7 10. g3 Bg7 11. Kg2 O-O 12. h3 Qa5 13. Re1 Rfb8 14. Re2 Ra7 15. Rc2 Rab7 16. Qe2 Nb6 17. Nd2 Nfd7 18. f4 Na4 19. Nxa4 Qxa4 20. Nc4 Nb6 21. b3 Qa6 22. Rb1 Nxc4 23. Qxc4 Qa8 24. Bd2 Ra7 25. a4 Rxa4 26. Qxa4 Qxa4 27. bxa4 Rxb1 28. Ra2 c4 29. Rc2 1/2-1/2

[Event "SWE-ch -50 2018"]
[Site "Ronneby"]
[Date "2018.07.08"]
[Round "9"]
[White "Moborn, Anders"]
[Black "Rothen, Hakan"]
[Result "0-1"]
[ECO "E11"]
[WhiteElo "2045"]
[BlackElo "2291"]
[Annotator "NA"]
[PlyCount "86"]
[EventDate "2018.06.30"]
[EventType "tourn"]
[EventCountry "SWE"]
[SourceTitle "playchess.com"]
[Source "ChessBase"]
[SourceQuality "1"]
[TimeControl "40/5400+30:1800+30"]

1. d4 Nf6 2. c4 e6 3. Nf3 Bb4+ 4. Bd2 Bxd2+ 5. Nbxd2 {[%emt 0:00:58] LiveBook: 95 Games} d6 6. e3 b6 7. Bd3 Bb7 8. Nf1 $146 {[%emt 0:01:15] E14: Queen's Indian: Classical Variation (4 e3)} c5 9. dxc5 dxc5 10. Ng3 Nc6 11. Rc1 Qc7 12. Bb1 Ne5 13. e4 {[%emt 0:04:33] [#]} Rd8 (13... h5 $142 $1 14. Nxe5 Qxe5) 14. Qe2 Ng6 15. O-O O-O 16. Rcd1 Nf4 17. Qe3 Ng4 18. Qc3 f6 19. h3 Ne5 20. Nxe5 fxe5 21. Qe3 Qe7 22. Ne2 Qg5 23. Nxf4 exf4 24. Qf3 Qe5 25. b3 Rd4 26. Rxd4 cxd4 27. Bd3 a5 28. Rb1 Qc5 29. a4 e5 30. Kf1 Bc8 31. Be2 Bd7 32. Qd3 Rf6 33. Bd1 Rc6 34. b4 axb4 35. Qb3 Be6 36. Qxb4 Bxc4+ 37. Ke1 Kf8 38. Qxc5+ bxc5 39. Rb7 Ba6 $19 40. Rb8+ Ke7 41. a5 c4 42. Ba4 Rc5 43. Re8+ Kf7 0-1

[Event "SWE-ch -50 2018"]
[Site "Ronneby"]
[Date "2018.07.08"]
[Round "9"]
[White "Franzen, Per-Erik"]
[Black "Nilsson, Patrik"]
[Result "0-1"]
[ECO "A04"]
[WhiteElo "1995"]
[BlackElo "2229"]
[Annotator "NA"]
[PlyCount "32"]
[EventDate "2018.06.30"]
[EventType "tourn"]
[EventCountry "SWE"]
[SourceTitle "playchess.com"]
[Source "ChessBase"]
[SourceQuality "1"]
[TimeControl "40/5400+30:1800+30"]

1. Nf3 d6 2. g3 g6 3. Bg2 Bg7 4. O-O Nf6 5. b3 {[%emt 0:03:38] A05: Réti Opening: 1 Nf3 Nf6} O-O 6. Bb2 Nc6 (6... e5 7. c4 Re8 8. Nc3 e4 9. Nd4 c6 10. e3 Na6 11. d3 exd3 12. Qxd3 Nc5 13. Qc2 a5 14. a3 h5 15. h3 Bd7 16. b4 {1-0 (31) Karjakin,S (2782)-Mamedyarov,S (2808) Stavanger 2018}) 7. c4 {[%emt 0:05:01] LiveBook: 7 Games} Bf5 8. Nh4 $146 ({Predecessor:} 8. d3 Qd7 9. Nbd2 e5 10. Ng5 {0-1 (10) Zaitseva,V (1457)-Senis,E (1232) LSS email 2013}) 8... Bd7 9. f4 e5 10. fxe5 Ng4 11. h3 Nh6 12. d4 dxe5 13. dxe5 Qc8 14. Nd2 $2 (14. g4 $15) 14... Bxh3 15. Bxc6 bxc6 16. Rf4 g5 $19 0-1

[Event "SWE-ch -50 2018"]
[Site "Ronneby"]
[Date "2018.07.08"]
[Round "9"]
[White "Wedin, Svante"]
[Black "Cramling, Dan"]
[Result "0-1"]
[ECO "B06"]
[WhiteElo "1992"]
[BlackElo "2355"]
[Annotator "NA"]
[PlyCount "30"]
[EventDate "2018.06.30"]
[EventType "tourn"]
[EventCountry "SWE"]
[SourceTitle "playchess.com"]
[Source "ChessBase"]
[SourceQuality "1"]
[TimeControl "40/5400+30:1800+30"]

1. e4 g6 2. d4 Bg7 3. f4 c5 4. Nf3 cxd4 5. Nxd4 Nc6 6. Nb3 d6 7. Nc3 {[%emt 0:03:26] LiveBook: 28 Games} Nf6 8. Be2 Qb6 9. Bf3 a5 10. a4 Nb4 $15 11. Qe2 Be6 12. Nb5 Rc8 13. N3d4 Bc4 14. Qd2 Bxb5 15. axb5 Qxd4 0-1

[Event "SWE-ch -50 2018"]
[Site "Ronneby"]
[Date "2018.07.08"]
[Round "9"]
[White "Gemzell, Ted"]
[Black "Gamback, Bjorn"]
[Result "1/2-1/2"]
[ECO "A49"]
[WhiteElo "1990"]
[BlackElo "2108"]
[Annotator "NA"]
[PlyCount "38"]
[EventDate "2018.06.30"]
[EventType "tourn"]
[EventCountry "SWE"]
[SourceTitle "playchess.com"]
[Source "ChessBase"]
[SourceQuality "1"]
[TimeControl "40/5400+30:1800+30"]

1. d4 Nf6 2. Nf3 g6 3. g3 Bg7 4. Bg2 O-O 5. O-O d6 6. b3 c6 7. Bb2 Nbd7 8. Nbd2 Qc7 9. e4 {[%emt 0:05:08] LiveBook: 35 Games} Rd8 10. Qe2 e5 11. dxe5 $11 dxe5 12. Rfd1 Ne8 13. Nc4 b5 14. Ne3 Bb7 15. c4 a6 16. Rac1 Nb6 17. c5 Rxd1+ 18. Rxd1 Nd7 19. b4 a5 1/2-1/2